AoeStats
← maxi_13064

Glade

511057923Analyzed
1v1 RM · 8h ago on Oct 3, 2026· 47m 22s· 2 players
Game mode
Random Map
Map size
Tiny (2 player)
Population
200
Speed
Normal
Resources
Standard
Victory
Conquest
Starting age
Dark Age
Ending age
Imperial Age
RankedLock teamsTeams togetherTeam positionsShared explorationLock speedFull tech treeHidden civsTurbo modeCheats
Victory
Defeat
🇬🇧 Japanese · United Kingdom
862
+18
🇦🇷 Mongols · Argentina
908
-51
Hyundai35
5:20 Loom
11:40 Feudal Age
14:01 Arson
14:26 Man-at-Arms
20:34 Castle Age
18:28 Double-Bit Axe
18:33 Horse Collar
19:37 Scale Mail Armor
19:44 Gold Mining
20:41 Forging
21:11 Stone Mining
21:50 Bow Saw
23:17 Iron Casting
22:46 Squires
23:05 Heavy Plow
23:34 Long Swordsman
25:15 Wheelbarrow
24:53 Town Watch
27:45 Hand Cart
30:35 Chain Mail Armor
32:15 Gold Shaft Mining
34:36 Imperial Age
36:33 Conscription
37:38 Thumb Ring
36:54 Elite Skirmisher
38:37 Fletching
39:18 Plate Mail Armor
39:49 Blast Furnace
38:32 Elite Samurai
40:33 Masonry
40:04 Treadmill Crane
40:45 Ballistics
40:32 Siege Engineers
44:44 Kataparuto
47:05 Two-Man Saw
46:04 Bodkin Arrow
47:12 Chemistry
47:51 Padded Archer Armor
47:52 Bracer
maxi_13064
12:26 Feudal Age
18:53 Scale Barding Armor
23:12 Castle Age
23:00 Horse Collar
27:14 Light Cavalry
28:00 Double-Bit Axe
28:54 Husbandry
29:07 Heavy Plow
Connection lost

Rejoining the realm…

Still unreachable

The connection could not be restored.

Session expired

The server has moved on; the page needs a fresh start.